 Dungeon Crawl Stone Soup version 0.21.0-3-g78d12a8 (webtiles) character file.

94 tidbits the Sneak (level 4, 18/18 HPs)
             Began as a Felid Air Elementalist on Jan 8, 2018.
             Quit the game on level 4 of the Dungeon.
             The game lasted 00:12:44 (2335 turns).

tidbits the Sneak (Felid Air Elementalist)          Turns: 2335, Time: 00:12:45

Health: 18/18      AC:  1    Str:  5    XL:     4   Next: 38%
Magic:  8/8        EV: 18    Int: 17    God:
Gold:   226        SH:  0    Dex: 16    Spells: 6/7 levels left
                                        Lives:  0   Deaths: 1

rFire    . . .     SeeInvis +     - Unarmed
rCold    + . .     Gourm    .   (shield unavailable)
rNeg     . . .     Faith    .   (armour unavailable)
rPois    .         Spirit   .   (helmet unavailable)
rElec    .         Reflect  .   (cloak unavailable)
rCorr    .         Harm     .   (gloves unavailable)
MR       .....                  (boots unavailable)
Stlth    ++++......             (no amulet)
HPRegen  0.06/turn              m - ring of protection from cold
MPRegen  0.11/turn              (no ring)

@: quick
A: very small, no armour, no weapons or thrown items, stealth, claws 1, fangs 3,
see invisible, carnivore, speed 1, shaggy fur 1, slow metabolism 1, sharp paws
a: no special abilities


You were on level 4 of the Dungeon.
You were not hungry.

You visited 1 branch of the dungeon, and saw 6 of its levels.

You collected 226 gold pieces.

Inventory:

Missiles
 h - 87 arrows
Jewellery
 m - a ring of protection from cold (left paw)
   (You found it on level 5 of the Dungeon)
Scrolls
 d - 2 scrolls of fog
 e - a scroll of identify
 g - 4 scrolls of enchant armour
 i - a scroll of amnesia
 k - 3 scrolls of fear
 n - a scroll of immolation
Potions
 b - a potion of might
 f - a potion of haste
 j - a potion of brilliance {unknown}
 l - 2 potions of heal wounds
Books
 a - a book of Air

   Spells                             Type                      Level
   a - Shock                          Conjuration/Air              1
   b - Swiftness                      Charms/Air                   2
   c - Static Discharge               Conjuration/Air              3
   d - Airstrike                      Air                          4
   e - Lightning Bolt                 Conjuration/Air              5
Comestibles
 c - 5 rations


   Skills:
 - Level 2.6 Dodging
 + Level 6.0 Stealth
 + Level 3.5 Unarmed Combat
 - Level 2.0 Spellcasting
 - Level 0.8 Conjurations
 - Level 2.6 Air Magic


You had 6 spell levels left.
You knew the following spells:

 Your Spells              Type           Power        Failure   Level  Hunger
a - Shock                 Conj/Air       #...         10%         1    #......


Dungeon Overview and Level Annotations

Branches:
Dungeon (6/15)
 Temple: D:4-7

Altars:
Dithmenos
Elyvilon
Hepliaklqana
Nemelex Xobeh

Annotations:
D:4 komo4ek's ghost, amateur DrSu


Innate Abilities, Weirdness & Mutations

You cannot wear armour.
You are incapable of wielding weapons or throwing items.
Your paws allow you to move quietly. (Stealth)
You have sharp claws.
You have razor-sharp teeth.
You have supernaturally acute eyesight. (SInv)
You are carnivorous and can eat meat at any time.
You cover ground quickly.
You are covered in fur. (AC +1)
You have a slow metabolism.
Your sharp claws are effective at attacking unaware monsters.


Message History

m - a coral ring You now have 222 gold pieces (gained 11).
Put on which piece of jewellery? (? for menu, Esc to quit)
m - a ring of protection from cold (left paw)
Found a scroll labeled NORYIVUNKI and a scroll labeled ZARPHI ENIRPHE.
Found an escape hatch in the ceiling.
The helpless ball python fails to defend itself.
You claw the ball python!
You kill the ball python!
You see here a ball python corpse.
A crimson imp comes into view.
You see here a ball python corpse.
Found a war axe.
Found 24 arrows.
Found a stone staircase leading down.
n - a scroll labeled NORYIVUNKI
d - 2 scrolls labeled ZARPHI ENIRPHE (gained 1)
Found 17 arrows and 3 scrolls labeled GUHIASCHARYT.
h - 63 arrows (gained 17)
g - 4 scrolls labeled GUHIASCHARYT (gained 3)
Found 12 poisoned needles.
A ball python comes into view.
The ball python hisses angrily.
The ball python misses you. x2
You scratch the ball python.
You kill the ball python!
You see here a ball python corpse.
h - 87 arrows (gained 24)
There is a stone staircase leading down here.
You climb downwards.
A hippogriff, a worker ant and a zombie come into view.
Found 17 bolts.
There is a stone staircase leading up here.
You pounce on the unaware helpless worker ant!
You mangle the worker ant!!
You kill the worker ant!
Your Stealth skill increases to level 6!
The hippogriff screeches!
Found 22 stones.
There is a stone staircase leading up here.
You climb upwards.
There is a stone staircase leading down here.
You see here a war axe.
Found 20 sling bullets.
Found 19 stones.
You see here 20 sling bullets.
You see here 19 stones.
Found 4 gold pieces.
You now have 226 gold pieces (gained 4).
You see here 19 stones.
You see here 20 sling bullets.
There is an escape hatch in the ceiling here.
A mysterious force pulls you upwards. The hatch slams shut behind you.
Level annotation: komo4ek's ghost, amateur DrSu The gnoll shouts! x2
Unknown command.
The gnoll throws a stone.
The stone misses you.
As you read the scroll labeled LETAHE NOCESOPNI, it crumbles to dust.
It is a scroll of identify.
g - 4 scrolls of enchant armour
As you read the scroll of identify, it crumbles to dust.
k - 3 scrolls of fear
As you read the scroll of identify, it crumbles to dust.
d - 2 scrolls of fog The gnoll throws a stone.
The stone closely misses you.
Okay, then.
As you read the scroll of identify, it crumbles to dust.
i - a scroll of amnesia
As you read the scroll of identify, it crumbles to dust.
n - a scroll of immolation
Okay, then.
Okay, then.
As you read the scroll of identify, it crumbles to dust.
l - 2 potions of heal wounds The gnoll throws a stone.
The stone closely misses you.
Okay, then.
It was a potion of haste.
You feel yourself speed up. The gnoll misses you.
The gnoll throws a stone.
The stone misses you.
It was a potion of might.
You feel very mighty all of a sudden. The gnoll barely misses you.
You claw the gnoll! You bite the gnoll, but do no damage.
The gnoll is heavily wounded.
The gnoll throws a stone.
The stone barely misses you.
You completely miss the gnoll.
The gnoll is heavily wounded.
The gnoll hits you with an enchanted halberd!
Ouch! That really hurt!
* * * LOW HITPOINT WARNING * * *
The gnoll throws a stone.
The stone hits you.
You die...
You are now level 4!
You rejoin the land of the living...
There is an open door here.
A giant cockroach comes into view.
Found 9 stones.
The helpless giant cockroach fails to defend itself.
You mangle the giant cockroach!!
You kill the giant cockroach!
Are you sure you want to abandon this character and quit the game? (Confirm with "yes".)

..<........#
...........#
........)..#
....###....#########
###'###....#.......#
...........#.......#
...........#.......#
...........#.......#
...........#....@..#
...........#.......#
...........#.......#
#'##########.......#
..............######
..............#
..............#
.%............#
............(.#


There were no monsters in sight!

Vanquished Creatures
  An ogre (D:4)
  A worker ant (D:6)
  3 adders
  An ooze (D:1)
  2 dart slugs
  2 leopard geckos
  3 bats
  2 giant cockroaches
  4 goblins
  3 hobgoblins
  3 jackals
  6 kobolds
  A quokka (D:2)
  2 ball pythons (D:5)
  4 frilled lizards
  5 rats
43 creatures vanquished.

Notes
Turn   | Place    | Note
-------+----------+-------------------------------------------
     0 | D:1      | tidbits the Felid Air Elementalist began the quest for the Orb.
     0 | D:1      | Reached XP level 1. HP: 7/7 MP: 4/4
    81 | D:1      | Reached skill level 3 in Stealth
   261 | D:1      | Reached skill level 1 in Unarmed Combat
   326 | D:1      | Reached XP level 2. HP: 11/11 MP: 3/6
   556 | D:1      | Reached skill level 4 in Stealth
   798 | D:2      | Reached skill level 2 in Unarmed Combat
   798 | D:2      | Reached XP level 3. HP: 9/14 MP: 0/7
   824 | D:2      | Found a white marble altar of Elyvilon.
   825 | D:2      | Found a shadowy altar of Dithmenos.
  1478 | D:4      | Noticed a sky beast
  1483 | D:4      | Reached XP level 4. HP: 18/18 MP: 8/8
  1668 | D:5      | Entered Level 5 of the Dungeon
  1678 | D:5      | Found a sparkling altar of Nemelex Xobeh.
  1722 | D:4      | Noticed an ogre
  1729 | D:4      | Killed an ogre
  1729 | D:4      | Reached skill level 5 in Stealth
  1729 | D:4      | Reached skill level 3 in Unarmed Combat
  1729 | D:4      | Reached XP level 5. HP: 10/21 MP: 7/9
  1749 | D:4      | Found a hazy altar of Hepliaklqana.
  1766 | D:4      | Noticed komo4ek's ghost (amateur DrSu)
  2104 | D:6      | Noticed a hippogriff
  2105 | D:6      | Reached skill level 6 in Stealth
  2305 | D:4      | Hit by a stone thrown by a gnoll
  2306 | D:4      | Reached XP level 4. HP: 0/18 MP: 8/8
  2335 | D:4      | Quit the game

Skill      XL: |  1  2  3  4  5 |
---------------+----------------+-----
Stealth        | 3 4 5 6 |  6.0
Unarmed Combat | 1 2 3 |  3.5
Dodging        | |  2.6
Spellcasting   | |  2.0
Conjurations   | |  0.8
Air Magic      | |  2.6

Action                   |  1- 3 |  4- 6 || total
-------------------------+-------+-------++-------
Melee: Unarmed           |    29 |    15 ||    44
       Bite              |       |     2 ||     2
 Cast: Shock             |    36 |     4 ||    40
  Use: Scroll            |       |     6 ||     6
       Potion            |       |     2 ||     2
 Stab: Sleeping          |    15 |     7 ||    22
  Eat: Chunk             |     4 |     2 ||     6
Armor: Skin              |     5 |       ||     5
Dodge: Dodged            |    30 |    18 ||    48

Table legend:
 A = Turns spent in this place as a percentage of turns spent in the entire game.
 B = Non-inter-level travel turns spent in this place as a percentage of non-inter-level travel turns spent in the entire game.
 C = Inter-level travel turns spent in this place as a percentage of turns spent in this place.
 D = Turns resting spent in this place as a percentage of non-inter-level travel turns spent in this place.
 E = Turns spent auto-exploring this place as a percentage of non-inter-level travel turns spent in this place.
 F = Non-inter-level travel turns spent in this place divided by the number of levels of this place that you've seen.
                   A       B       C       D       E      F
               +-------+-------+-------+-------+-------+----------------------
         Total | 100.0 | 100.0 |   8.4 |   0.0 |   0.3 | 356.5
       Dungeon | 100.0 | 100.0 |   8.4 |   0.0 |   0.3 | 356.5
               +-------+-------+-------+-------+-------+----------------------

Table legend:
 A = Kills in this place as a percentage of kills in entire the game.
 B = Kills by you in this place as a percentage of kills by you in the entire game.
 C = Kills by friends in this place as a percentage of kills by friends in the entire game.
 D = Other kills in this place as a percentage of other kills in the entire game.
 E = Experience gained in this place as a percentage of experience gained in the entire game.
 F = Experience gained in this place divided by the number of levels of this place that you have seen.
                   A       B       C       D       E      F
               +-------+-------+-------+-------+-------+----------------------
         Total | 100.0 | 100.0 |   N/A |   N/A | 100.0 |  44.2
       Dungeon | 100.0 | 100.0 |   N/A |   N/A | 100.0 |  44.2
               +-------+-------+-------+-------+-------+----------------------

Vault maps used:
D:1:      noname_arrival_rooms_in_the_neighbourhood,
          hangedman_decor_diamond_cutter
D:2:      gammafunk_temple_overflow_statue, hangedman_decor_push
D:3:      lemuel_upstairs_altar, marbit_many_paths
D:4:      lemuel_round_altar, first_ration
D:5:      basic_altar, eino_tiny_chamber
D:6:      lemuel_zombie_altar_yredelemnul, uniq_eustachio
